 Dungeon Crawl Stone Soup version 0.30-a0-7-g94fe547ab8 (webtiles) character file.

Game seed: 12468826680575839346

65 Nedwor the Cutter (level 3, 0/28 HPs)
             Began as a Demonspawn Gladiator on Aug 23, 2022.
             Slain by Grinder (7 damage)
             ... while paralysed by Grinder
             ... on level 3 of the Dungeon.
             The game lasted 00:01:35 (1769 turns).

Nedwor the Cutter (Demonspawn Gladiator)            Turns: 1769, Time: 00:01:35

Health: 0/28       AC:  5    Str: 16    XL:     3   Next: 94%
Magic:  3/3        EV:  2    Int:  9    God:
Gold:   68         SH:  0    Dex: 14    Spells: 2/2 levels left

rFire   . . .      SeeInvis .    k - +2 dagger (speed)
rCold   . . .      Faith    .    (no shield)
rNeg    . . .      Spirit   .    b - +0 leather armour
rPois   .          Reflect  .    c - +0 helmet
rElec   .          Harm     .    (no cloak)
rCorr   .          Rampage  .    f - +0 pair of gloves
Will    .....                    (no boots)
Stlth   +.........               (no amulet)
HPRegen 0.09/turn                (no ring)
MPRegen 0.08/turn                (no ring)

@: paralysed
A: claws 1, demonic guardian 1
a: no special abilities


You were on level 3 of the Dungeon.
You visited 1 branch of the dungeon, and saw 3 of its levels.

You collected 68 gold pieces.

Inventory:

Hand Weapons
 a - a +0 rapier
 k - a +2 dagger of speed (weapon)
Missiles
 m - 4 javelins (quivered)
Armour
 b - a +0 leather armour (worn)
 c - a +0 helmet (worn)
 f - a +0 pair of gloves (worn)
Jewellery
 s - a ring of poison resistance
Scrolls
 d - a scroll of fog {unknown}
 h - a scroll of teleportation {unknown}
 i - a scroll of poison {unknown}
 j - 2 scrolls of immolation {unknown}
 o - 2 scrolls of identify {unknown}
 r - a scroll of silence {unknown}
Potions
 e - a potion of heal wounds {unknown}
 g - a potion of brilliance {unknown}
 l - a potion of degeneration {unknown}
 n - a potion of berserk rage {unknown}
 p - a potion of might {unknown}
 q - a potion of invisibility {unknown}


   Skills:
 + Level 2.5 Fighting
 * Level 3.4 Short Blades
 - Level 1.7 Throwing
 + Level 1.3 Armour
 + Level 3.1 Dodging


You had 2 spell levels left.
You didn't know any spells.
Your spell library contained the following spells:

 Spells                   Type           Power      Damage    Failure   Level
 Sublimation of Blood     Necr           0%         N/A       58%         2
 Wereblood                Tmut           0%         N/A       58%         2
 Summon Hydra             Summ           0%         N/A       100%        7


Dungeon Overview and Level Annotations

Branches:
Dungeon (3/15)

Altars:

Annotations:
D:3 Grinder


Innate Abilities, Weirdness & Mutations

You have sharp fingernails.
A weak demonic guardian rushes to your aid.


Message History

The orc wizard flickers and vanishes!
Deactivating autopickup; reactivate with Ctrl-A.
The orc closely misses you.
You closely miss the orc. You hit the orc.
The orc is severely wounded.
You hit the orc.
The orc is heavily wounded.
You hit the orc.
You kill the orc!
You hit the orc.
You kill the orc!
Things that are here:
a +0 dagger; a +2 flail of protection; an orc corpse You hit Grinder.
Grinder is lightly wounded.
Grinder says, "You look like you could use a good racking."
Grinder barely misses you.
You barely miss Grinder.
Grinder is lightly wounded.
Grinder hits you!
You writhe in agony.
You closely miss Grinder.
Grinder is lightly wounded.
You hit Grinder.
Grinder is moderately wounded.
Grinder hits you.
You writhe in agony.
* * * LOW HITPOINT WARNING * * *
You hit Grinder but do no damage.
Grinder is moderately wounded.
You hit Grinder.
Grinder is moderately wounded.
Grinder closely misses you.
You hit Grinder but do no damage.
Grinder is moderately wounded.
You hit Grinder.
Grinder is moderately wounded.
Grinder gestures at you.
You suddenly lose the ability to move!
Grinder hits you!
You die...

#..... #...$.
#.5...# ..o..
.o.K## #########
#..o# #.......#
#..# #.#####.#
#..########.#.....#
#.(.{5@).†.>#.#####
#...########.#.#
≈≈.....# #.#.#
≈≈≈.....# #.#.#
≈≈###g..# #.#.# ≈
.#..# #.#.# .#≈≈#
⌠.#..# ##.#)# .#~~
...#..# #....#
##~.. #..######


You could see Grinder.

Vanquished Creatures
  An adder (D:3)
  A worm (D:2)
  4 dart slugs
  4 orcs
  A giant cockroach (D:2)
  5 goblins
  3 hobgoblins
  2 jackals (D:1)
  2 quokkas (D:1)
  5 ball pythons
  3 bats
  2 frilled lizards (D:2)
  7 kobolds
  2 rats (D:1)
42 creatures vanquished.

Vanquished Creatures (collateral kills)
  A hobgoblin (D:2)
1 creature vanquished.

Grand Total: 43 creatures vanquished

Notes
Turn   | Place    | Note
-------+----------+-------------------------------------------
     0 | D:1      | Nedwor the Demonspawn Gladiator began the quest for the
                  | Orb.
     0 | D:1      | Reached XP level 1. HP: 16/16 MP: 1/1
   192 | D:1      | Gained mutation: A weak demonic guardian rushes to your
                  | aid. [demonic ancestry]
   192 | D:1      | Reached XP level 2. HP: 22/22 MP: 2/2
  1011 | D:2      | Gained mutation: You have sharp fingernails. [demonic
                  | ancestry]
  1011 | D:2      | Reached XP level 3. HP: 28/28 MP: 3/3
  1163 | D:2      | Reached skill level 1 in Armour
  1739 | D:3      | Noticed Grinder
  1768 | D:3      | Paralysed by Grinder for 2 turns
  1769 | D:3      | Slain by Grinder

Illustrated notes

Levels and vault maps discovered:
D:1:      spicycebolla_arrival_xxxplode, layout_loops_ring, st_stairs_2
D:2:      layout_rooms, minmay_tromino_i2
D:3:      layout_basic, fountainhead, uniq_grinder, uniq_robin

Skill      XL: |  1  2  3 |
---------------+----------+-----
Short Blades   | 3 |  3.4
Dodging        | 3 |  3.1
Armour         | 1 |  1.3
Fighting       | |  2.5
Throwing       | |  1.7

Action                   || total
-------------------------++-------
Melee: Rapier            ||    22
       Dagger            ||   121
       Punch             ||     1
Armor: Leather armour    ||    29
Dodge: Dodged            ||    75

Table legend: (Time is in decaauts)
 A = Elapsed time spent in this place.
 B = Non-inter-level travel time spent in this place.
 C = Inter-level travel time spent in this place.
 D = Time resting spent in this place.
 E = Time spent auto-exploring this place.
 F = Levels seen in this place.
 G = Mean time per level.
                   A        B        C        D        E       F      G
               +--------+--------+--------+--------+--------+-----+--------+
         Total |   1717 |   1683 |     34 |      0 |   1406 |   3 |  572.3 |
       Dungeon |   1717 |   1683 |     34 |      0 |   1406 |   3 |  572.3 |
               +--------+--------+--------+--------+--------+-----+--------+

Top non-repeatable levels by time:
     D:1: 847 daAuts
     D:2: 768 daAuts
     D:3: 101 daAuts
